 Dungeon Crawl Stone Soup version 0.17-a0-1711-gc5340a3 (webtiles) character file.

88 karlkraus the Shield-Bearer (level 4, -2/41 HPs)
             Began as a Minotaur Fighter on Aug 22, 2015.
             Slain by Crazy Yiuf
             ... wielding a +2 quarterstaff of chaos
              (3 damage)
             ... on level 2 of the Dungeon.
             The game lasted 00:01:31 (844 turns).

karlkraus the Shield-Bearer (Minotaur Fighter)       Turns: 844, Time: 00:01:31

Health: -2/41      AC:  7    Str: 20    XL:     4   Next: 29%
Magic:  3/3        EV:  8    Int:  5    God:
Gold:   78         SH:  9    Dex: 11    Spells: 0 memorised, 3 levels left

rFire  . . .     SeeInvis .     a - +0 war axe
rCold  . . .     Clarity  .     b - +0 scale mail
rNeg   . . .     SustAt   .     c - +0 shield
rPois  .         Gourm    .     (helmet restricted)
rElec  .         Spirit   .     (no cloak)
rCorr  .         Warding  .     (no gloves)
rMut   .         Stasis   .     (no boots)
MR     .....                    (no amulet)
Stlth  ..........               (no ring)
                                (no ring)

@: not resistant to hostile enchantments, extremely unstealthy
A: retaliatory headbutt, horns 2
a: no special abilities


You were on level 2 of the Dungeon.
You were not hungry.

You visited 1 branch of the dungeon, and saw 2 of its levels.

You collected 78 gold pieces.

Inventory:

Hand weapons
 a - a +0 war axe (weapon)
Armour
 b - a +0 scale mail (worn)
 c - a +0 shield (worn)
Scrolls
 g - a scroll of amnesia {unknown}
 h - 3 scrolls of identify {unknown}
 i - a scroll of noise {unknown}
 k - a scroll of fog {unknown}
 l - 2 scrolls of remove curse {unknown}
 m - a scroll of recharging {unknown}
 n - a scroll of blinking {unknown}
 o - a scroll of immolation {unknown}
Potions
 d - a potion of might
 f - a potion of magic {unknown}
 j - a potion of heal wounds {unknown}
 p - a potion of curing {unknown}
Comestibles
 e - 2 bread rations


   Skills:
 + Level 4.4 Fighting
 + Level 2.9 Axes
 + Level 4.2 Armour
 + Level 1.0 Dodging
 + Level 4.6 Shields


You had 3 spell levels left.
You didn't know any spells.

Dungeon Overview and Level Annotations

Branches:
Dungeon (2/15)

Altars:
Elyvilon
Sif Muna
Zin
The Shining One

Annotations:
D:2 Crazy Yiuf


Innate Abilities, Weirdness & Mutations

You reflexively headbutt those who attack you in melee.
You have a pair of horns on your head.


Message History

Crazy Yiuf is nearby!
You hit Crazy Yiuf but do no damage.
Crazy Yiuf hits you with a quarterstaff of chaos!
Crazy Yiuf freezes you.
You slash Crazy Yiuf! Your headbutt misses Crazy Yiuf.
Crazy Yiuf is moderately wounded.
Crazy Yiuf drinks a potion.
Crazy Yiuf flickers and vanishes!
Deactivating autopickup; reactivate with Ctrl-A.
Something hits you.
No target in view!
No target in view!
No target in view!
No target in view!
You completely miss something. You block its attack.
You miss something. Something hits you! Something burns you.
* * * LOW HITPOINT WARNING * * *
You miss something. Something hits you!
* * * LOW HITPOINT WARNING * * *
Something freezes you.
You die...

+.#.### #.#
#....#
#.#...####.#
#.P.P#
#..........#
#.PP##
......######
##.##
####### #.##
##)# #.##
##.# #@#
#.{.# #...#
#..)# #####


There were no monsters in sight!

Vanquished Creatures
  Ijyb (D:2)
  2 adders (D:2)
  An ooze (D:1)
  2 worms (D:2)
  6 hobgoblins
  4 bats
  5 giant newts
  5 goblins
  6 kobolds
  2 quokkas (D:2)
  4 rats
38 creatures vanquished.

Notes
Turn   | Place    | Note
--------------------------------------------------------------
     0 | D:1      | karlkraus the Minotaur Fighter began the quest for the Orb.
     0 | D:1      | Reached XP level 1. HP: 19/19 MP: 0/0
   100 | D:1      | Reached XP level 2. HP: 27/27 MP: 1/1
   215 | D:1      | Reached skill level 4 in Shields
   410 | D:2      | Reached XP level 3. HP: 33/33 MP: 2/2
   411 | D:2      | Found a white marble altar of Elyvilon.
   415 | D:2      | Found a glowing golden altar of the Shining One.
   416 | D:2      | Found a glowing silver altar of Zin.
   510 | D:2      | Noticed Ijyb
   517 | D:2      | Killed Ijyb
   517 | D:2      | Reached skill level 1 in Dodging
   517 | D:2      | Reached XP level 4. HP: 34/41 MP: 3/3
   760 | D:2      | Found a deep blue altar of Sif Muna.
   838 | D:2      | Noticed Crazy Yiuf
   844 | D:2      | HP: 1/41 [something (10)]
   844 | D:2      | Slain by Crazy Yiuf

Vault maps used:
D:1:      eino_arrival_cavern_c
D:2:      good_gods_temple_1, led_sif_pool, uniq_jessica,
          uniq_crazy_yiuf_cottage, uniq_iyjb

Action                   |  1- 3 |  4- 6 || total
-------------------------+-------+-------++-------
Melee: War axe           |    64 |    27 ||    91
